 Dungeon Crawl Stone Soup version 0.29.0-13-gc9e81de378 (webtiles) character file.

Game seed: 15680440656035724325

6511 leavemydog the Thaumaturge (level 10, -3/55 HPs)
             Began as a Deep Elf Conjurer on Sept 8, 2022.
             Was a Believer of Vehumet.
             Shot with a bolt by an orc warrior (16 damage)
             ... on level 10 of the Dungeon.
             The game lasted 00:21:09 (14082 turns).

leavemydog the Thaumaturge (Deep Elf Conjurer)     Turns: 14082, Time: 00:21:10

Health: -3/55      AC:  9    Str:  4    XL:     10   Next: 69%
Magic:  22/29      EV: 12    Int: 32    God:    Vehumet [**....]
Gold:   583        SH:  5    Dex: 13    Spells: 24/35 levels left

rFire   . . .      SeeInvis .   a - +5 short sword of the Crafting Bear {vamp, rElec Int+4}
rCold   . . .      Faith    .   (no shield)
rNeg    . . .      Spirit   .   D - +0 steam dragon scales
rPois   +          Reflect  +   I - +0 helmet
rElec   +          Harm     .   q - +0 cloak
rCorr   .          Rampage  .   e - +0 pair of gloves
Will    ++...                   v - +0 pair of boots
Stlth   ++........              K - amulet of reflection
HPRegen 0.18/turn               E - ring of willpower
MPRegen 0.21/turn               (no ring)

@: unable to drink
A: poison resistance, robust 1, inability to drink after injury 1
a: Renounce Religion


You were on level 10 of the Dungeon.
You worshipped Vehumet.
Vehumet was pleased with you.
You visited 2 branches of the dungeon, and saw 11 of its levels.
You also visited: Ossuary.

You collected 583 gold pieces.

Inventory:

Hand Weapons
 a - the +5 short sword of the Crafting Bear (weapon) {vamp, rElec Int+4}
   (You found it on level 4 of the Dungeon)

   It occasionally heals its wielder for a portion of the damage dealt when it
   wounds a living foe.
   Int:       It affects your intelligence (+4).
   rElec:     It insulates you from electricity.
Missiles
 A - 29 poisoned darts
Armour
 e - a +0 pair of gloves (worn)
 m - an orb of guile
 q - a +0 cloak (worn)
 v - a +0 pair of boots (worn)
 D - +0 steam dragon scales (worn)
 I - a +0 helmet (worn)
Magical Staves
 s - a staff of cold
 F - a staff of fire
Jewellery
 g - an amulet of regeneration
 r - a ring of fire
 E - a ring of willpower (left hand)
 K - an amulet of reflection (around neck)
Wands
 p - a wand of roots (14)
 B - a wand of mindburst (13)
 H - a wand of flame (22)
 J - a wand of polymorph (13)
 L - a wand of charming (4)
Scrolls
 f - 2 scrolls of noise {unknown}
 i - a scroll of enchant armour {unknown}
 k - 3 scrolls of fog
 l - 3 scrolls of immolation {unknown}
 n - a scroll of acquirement {unknown}
 x - 2 scrolls of enchant weapon {unknown}
 y - 3 scrolls of blinking {unknown}
 z - a scroll of fear {unknown}
 G - a scroll of teleportation {unknown}
 M - a scroll of poison {unknown}
 N - a scroll of identify
Potions
 b - 3 potions of magic
 c - 5 potions of curing
 d - a potion of invisibility {unknown}
 h - a potion of ambrosia {unknown}
 j - 3 potions of lignification
 o - 5 potions of heal wounds
 t - 2 potions of attraction
 u - 2 potions of haste {unknown}
 w - a potion of cancellation {unknown}
 C - a potion of brilliance {unknown}


   Skills:
 - Level 2.4 Dodging
 - Level 2.4 Stealth
 + Level 13.3 Spellcasting
 + Level 11.6 Conjurations
 * Level 7.1 Hexes
 * Level 6.5 Translocations


You had 24 spell levels left.
You knew the following spells:

 Your Spells              Type           Power      Damage    Failure   Level
a - Magic Dart            Conj           100%       1d8       1%          1
b - Searing Ray           Conj           100%       2d8       1%          2
c - Iskenderun's Mystic   Conj/Tloc      68%        2d14      1%          4
d - Fulminant Prism       Conj/Hex       34%        3d16      1%          4

Your spell library contained the following spells:

 Spells                   Type           Power      Damage    Failure   Level
 Foxfire                  Conj/Fire      100%       2x1d9     1%          1
 Apportation              Tloc           100%       N/A       1%          1
 Shock                    Conj/Air       100%       1d9       1%          1
 Dazzling Flash           Conj/Hex       100%       N/A       1%          3
 Necrotise                Necr           84%        1d8       2%          1
 Summon Small Mammal      Summ           84%        N/A       2%          1
 Poisonous Vapours        Pois/Air       42%        N/A       3%          2
 Swiftness                Air            21%        N/A       6%          3
 Airstrike                Air            10%        2d(2-18)  22%         4
 Corpse Rot               Necr/Pois/Air  21%        N/A       22%         4


Dungeon Overview and Level Annotations

Branches:
Dungeon (10/15)            Temple (1/1) D:7            Lair (0/5) D:9
Ossuary (visited)
    Orc: D:9-12

Altars:
Ashenzari
Cheibriados
Dithmenos
Elyvilon
Fedhas
Gozag
Hepliaklqana
Kikubaaqudgha
Makhleb
Nemelex Xobeh
Okawaru
Qazlal
Ru
Sif Muna
Trog
Uskayaw
Vehumet
Wu Jian
Xom
Yredelemnul
Zin
The Shining One

Annotations:
D:3 2 transporters


Innate Abilities, Weirdness & Mutations

Your system is resistant to poisons. (rPois)
You are robust. (+10% HP)
You occasionally lose the ability to drink potions when taking damage.


Message History

You feel your power returning.
You can't see any susceptible monsters within range! (Use Z to cast anyway.)
You can't see any susceptible monsters within range! (Use Z to cast anyway.)
An orc warrior comes into view. It is wielding a +0 glaive.
An orc warrior is nearby!
The magic dart hits the orc warrior but does no damage.
The orc warrior unwields a +0 glaive.
The orc warrior wields a +0 arbalest.
The orc warrior shoots a bolt.
The bolt hits you but does no damage.
The magic dart hits the orc warrior.
The orc warrior is lightly wounded.
The orc warrior shoots a bolt.
The bolt misses you.
The magic dart hits the orc warrior but does no damage.
The orc warrior is lightly wounded.
The orc warrior shoots a bolt.
The bolt barely misses you.
The magic dart hits the orc warrior but does no damage.
The orc warrior is lightly wounded.
The orc warrior shoots a bolt.
The bolt misses you.
The magic dart hits the orc warrior but does no damage.
The orc warrior is lightly wounded.
The orc warrior shoots a bolt.
The bolt hits you!
Casting: Magic Dart (safe; 1% risk of failure)
Confirm with . or Enter, or press ? or * to list all spells.
Okay, then.
The orc warrior shoots a bolt.
The bolt hits you!!
The orc warrior shoots a bolt.
The bolt barely misses you.
Casting: Magic Dart (safe; 1% risk of failure)
Confirm with . or Enter, or press ? or * to list all spells.
Aiming: Searing Ray (safe; 1% risk of failure)
Press: ? - help, Shift-Dir - straight line, f/p - orc warrior
Aim: an orc warrior, wielding a +0 arbalest and wearing a +0 plate armour (lightly wounded, 83% to hit)
The searing ray hits the orc warrior.
The orc warrior is lightly wounded. (Press . to maintain the ray.)
The orc warrior shoots a bolt.
The bolt hits you!
* * * LOW HITPOINT WARNING * * *
The searing ray hits the orc warrior!
The orc warrior is heavily wounded.
The orc warrior shoots a bolt.
The bolt hits you!
You feel threatened and lose the ability to drink potions!
You die...

.. #.########
##........ .......o
##...#)#
####......####
.............#
#....@.# ##...#.#
##.##... #.#####.# .#
######..)......
..####.#
#######.......).......
....##.#
..................## #
#.#.##.#
#######.########..#
#.#.##.# #)# #..#
#.#.##.#


You could see an orc warrior.

Vanquished Creatures
  A troll (D:9)
  Grinder (D:3)
  A shadow (D:9)
  A wyvern (D:8)
  3 steam dragons
  A water moccasin (D:6)
  Duvessa (D:5)
  3 ice beasts
  4 ogres
  6 orc warriors
  2 black bears
  3 wolves (D:9)
  5 centaurs
  3 kobold brigands
  2 phantoms
  6 scorpions
  7 bullfrogs
  A necrophage (D:5)
  A gnoll sergeant (D:7)
  4 water moccasin zombies (Ossuary)
  12 wights
  Dowan (D:5)
  An electric eel (D:9)
  9 hounds
  A jelly (D:5)
  Crazy Yiuf (D:2)
  2 orc priests
  5 iguanas
  8 orc wizards
  2 mummies (Ossuary)
  4 gnolls (D:7)
  8 adders
  2 shadow imps
  2 white imps
  2 ufetubi
  4 adder zombies (Ossuary)
  A worm (D:4)
  5 dart slugs
  39 orcs
  10 ball pythons
  10 endoplasms
  5 giant cockroaches
  7 gnoll zombies (Ossuary)
  11 goblins
  10 hobgoblins
  7 jackals
  18 kobolds
  5 quokkas
  4 bats
  2 frilled lizards
  3 hobgoblin zombies (Ossuary)
  5 kobold zombies (Ossuary)
  2 orc zombies (Ossuary)
  6 rats
270 creatures vanquished.

Vanquished Creatures (others)
  A white imp (D:7)
  5 fulminant prisms
  30 plants (D:8)
36 creatures vanquished.

Grand Total: 306 creatures vanquished

Notes
Turn   | Place    | Note
-------+----------+-------------------------------------------
     0 | D:1      | leavemydog the Deep Elf Conjurer began the quest for the
                  | Orb.
     0 | D:1      | Reached XP level 1. HP: 10/10 MP: 6/6
   114 | D:1      | Found a faded altar of an unknown god.
   187 | D:1      | Reached XP level 2. HP: 15/15 MP: 6/8
   190 | D:1      | Learned a level 2 spell: Searing Ray
   372 | D:1      | Reached skill level 5 in Conjurations
  1201 | D:2      | Reached XP level 3. HP: 19/19 MP: 7/9
  1725 | D:2      | Found a runed translucent door.
  1726 | D:2      | Noticed Crazy Yiuf
  2364 | D:2      | Killed Crazy Yiuf
  2365 | D:2      | Reached skill level 4 in Spellcasting
  2365 | D:2      | Reached XP level 4. HP: 9/24 MP: 1/12
  2739 | D:3      | Noticed Grinder
  2765 | D:3      | Killed Grinder
  2766 | D:3      | Reached skill level 5 in Spellcasting
  2766 | D:3      | Reached XP level 5. HP: 27/28 MP: 0/14
  2766 | D:3      | Reached XP level 6. HP: 31/32 MP: 0/16
  3154 | D:3      | Found a transporter.
  3186 | D:3      | Found a transporter.
  3679 | D:3      | Noticed a +0 short sword
  3680 | D:3      | Noticed a +0 falchion
  3681 | D:3      | Noticed a +0 spear
  3682 | D:3      | Noticed a +0 spear
  3682 | D:3      | Noticed a +0 short sword
  3682 | D:3      | Noticed a +0 dagger
  3683 | D:3      | Noticed a +0 dagger
  3684 | D:3      | Noticed a +0 falchion
  3693 | D:3      | Found a hide-covered altar of Uskayaw.
  4002 | D:4      | Found an opulent altar of Gozag.
  4008 | D:4      | Learned a level 4 spell: Iskenderun's Mystic Blast
  4030 | D:4      | Reached skill level 6 in Spellcasting
  4095 | D:4      | Found a sand-covered staircase.
  4175 | Ossuary  | Entered an ossuary
  4226 | Ossuary  | Reached skill level 1 in Translocations
  4403 | Ossuary  | Reached XP level 7. HP: 25/36 MP: 10/18
  4693 | Ossuary  | Reached skill level 7 in Spellcasting
  4761 | D:4      | Gained mutation: You are dopey. (Int -2) [potion of
                  | mutation]
  4762 | D:4      | Lost mutation: You are dopey. (Int -2) [potion of mutation]
  4762 | D:4      | Gained mutation: You occasionally lose the ability to drink
                  | potions when taking damage. [potion of mutation]
  4762 | D:4      | Gained mutation: You are robust. (+10% HP) [potion of
                  | mutation]
  4762 | D:4      | Gained mutation: Your mind is acute. (Int +4, Str/Dex -1)
                  | [potion of mutation]
  4762 | D:4      | Gained mutation: Your spells are a little harder to cast,
                  | but a little more powerful. [potion of mutation]
  4927 | D:4      | Identified the +5 short sword of the Crafting Bear {vamp,
                  | rElec Int+4}
  4981 | D:4      | Found a snail-covered altar of Cheibriados.
  5642 | D:5      | Entered Level 5 of the Dungeon
  6129 | D:5      | Noticed Duvessa
  6136 | D:5      | Learned a level 4 spell: Fulminant Prism
  6145 | D:5      | Killed Duvessa
  6146 | D:5      | Reached skill level 8 in Spellcasting
  6146 | D:5      | Reached XP level 8. HP: 35/45 MP: 12/22
  6154 | D:5      | Noticed Dowan
  6162 | D:5      | Killed Dowan
  6163 | D:5      | Reached skill level 1 in Hexes
  6891 | D:5      | Reached skill level 9 in Spellcasting
  7055 | D:5      | Reached XP level 9. HP: 48/49 MP: 8/24
  7292 | D:6      | Reached skill level 10 in Spellcasting
  8106 | D:6      | Found a stormy altar of Qazlal.
  8211 | D:6      | Reached skill level 10 in Conjurations
  8663 | D:6      | Lost mutation: Your spells are a little harder to cast, but
                  | a little more powerful. [potion of mutation]
  8663 | D:6      | Lost mutation: Your mind is acute. (Int +4, Str/Dex -1)
                  | [potion of mutation]
  8663 | D:6      | Gained mutation: Your system is resistant to poisons.
                  | (rPois) [potion of mutation]
  8791 | D:7      | Reached skill level 5 in Translocations
  8867 | D:7      | Reached skill level 11 in Spellcasting
  8898 | D:7      | Reached skill level 5 in Hexes
  9476 | D:7      | Found a staircase to the Ecumenical Temple.
  9557 | Temple   | Entered the Ecumenical Temple
  9568 | Temple   | Became a worshipper of Vehumet
 10022 | D:7      | Found an ornate altar of the Wu Jian Council.
 10703 | D:8      | Reached XP level 10. HP: 55/55 MP: 18/27
 11243 | D:8      | Found a broken altar of Ashenzari.
 11887 | D:9      | Reached skill level 12 in Spellcasting
 11905 | D:9      | Reached * piety under Vehumet
 11905 | D:9      | Offered knowledge of Sandblast by Vehumet.
 12390 | D:9      | Found a hazy altar of Hepliaklqana.
 12465 | D:9      | Reached skill level 13 in Spellcasting
 12556 | D:9      | Found a glowing silver altar of Zin.
 12557 | D:9      | Found a bloodstained altar of Trog.
 12558 | D:9      | Found a shimmering altar of Xom.
 12562 | D:9      | Found a white marble altar of Elyvilon.
 12562 | D:9      | Found a basalt altar of Yredelemnul.
 12563 | D:9      | Found a sparkling altar of Nemelex Xobeh.
 13045 | D:9      | Found a staircase to the Lair.
 13335 | D:10     | Entered Level 10 of the Dungeon
 13443 | D:10     | Reached ** piety under Vehumet
 13449 | D:10     | Offered knowledge of Foxfire by Vehumet.
 14082 | D:10     | Shot with a bolt by an orc warrior

Illustrated notes

Levels and vault maps discovered:
D:1:      erik_arrival_blinker_ship, layout_basic,
          shapermc_ecumenical_altar_venn, minmay_tripent
D:2:      layout_basic, grunt_ministairs_4, chequers_serial_rivers_large_a,
          uniq_crazy_yiuf_cottage
D:3:      gammafunk_wand_slinger, layout_basic, nicolae_uskayaw_en_pointe,
          minmay_checkerbox, uniq_grinder
D:4:      layout_loops_ring, mainiacjoe_overflow_small_starburst,
          kennysheep_slug_shrine, nicolae_ossuary_entry_false_entrances,
          hangedman_decor_peaks_small
D:5:      minmay_octagon_keep, layout_loops_ring, serial_park_tiny_2,
          uniq_duvessa
D:6:      layout_loops_ring, mainiacjoe_overflow_paths,
          minmay_misc_feat_more_columns
D:7:      layout_loops_ring, nzn_wu_jian_council_hall, lemuel_temple_firewalk_b
D:8:      layout_basic, nicolae_ashenzari_skybound, kennysheep_boxes
D:9:      layout_cave_pools, old_standard_altar, grunt_temple_overflow_open,
          erik_lair_island
D:10:     layout_loops_ring
Temple:   hellmonk_temple_rainy

Skill      XL: |  1  2  3  4  5  6  7  8  9 10 |
---------------+-------------------------------+-----
Conjurations   | 5 6 7 8 9 10 11 | 11.6
Spellcasting   | 4 5 6 8 9 11 13 | 13.3
Translocations | 1 2 4 5 6 |  6.5
Hexes          | 3 5 7 |  7.1
Dodging        | |  2.4
Stealth        | |  2.4

Action                   |  1- 3 |  4- 6 |  7- 9 | 10-12 || total
-------------------------+-------+-------+-------+-------++-------
Melee: Dagger            |       |     6 |    26 |       ||    32
 Cast: Magic Dart        |    74 |    79 |   237 |   133 ||   523
       Searing Ray       |     1 |     9 |    46 |    18 ||    74
       Iskenderun's Myst |       |       |     6 |    10 ||    16
       Fulminant Prism   |       |       |       |     5 ||     5
  Use: Scroll            |       |       |     5 |     2 ||     7
       Potion            |       |       |     4 |       ||     4
Armor: Robe              |     2 |    12 |    22 |       ||    36
       Steam dragon scal |       |       |     8 |    17 ||    25
Dodge: Dodged            |     5 |    18 |    81 |    49 ||   153
Block: Other             |       |       |       |    14 ||    14
       Reflection        |       |       |       |     2 ||     2
